 Dungeon Crawl Stone Soup version 0.21-a0-286-g6fcecc0 (webtiles) character file.

101 tidbits the Grave Robber (level 4, -4/49 HPs)
             Began as a Draconian Necromancer on Sept 25, 2017.
             Splashed by Ijyb's acid (7 damage)
             ... on level 3 of the Dungeon.
             The game lasted 00:07:05 (1151 turns).

tidbits the Grave Robber (Draconian Necromancer)    Turns: 1151, Time: 00:07:07

Health: -4/49      AC: 14    Str: 10    XL:     4   Next: 48%
Magic:  0/7        EV:  2    Int: 17    God:
Gold:   104        SH:  0    Dex: 11    Spells: 1/9 levels left

rFire    . . .     SeeInvis .   (no weapon)
rCold    . . .     Gourm    .   (no shield)
rNeg     + + +     Faith    .   (armour unavailable)
rPois    +         Spirit   .   (helmet currently unavailable)
rElec    .         Reflect  .   (cloak currently unavailable)
rCorr    .         Harm     .   (gloves currently unavailable)
MR       .....     NoTele   +   (boots currently unavailable)
Stlth    ++........             n - amulet of rage
HPRegen  0.16/turn              (no ring)
MPRegen  0.10/turn              (no ring)

@: tree-form, corroded
A: unfitting armour, low mp 1, mutation resistance 1, AC +5
a: Evoke Berserk Rage


You were on level 3 of the Dungeon.
You were not hungry.
You were a tree.
You visited 1 branch of the dungeon, and saw 4 of its levels.

You collected 104 gold pieces.

Inventory:

Hand Weapons
 c - a +0 club
 e - a +0 mace
 j - a +0 dagger
 l - a +0 short sword
 r - a +0 hunting sling
Missiles
 p - 15 arrows
 s - 45 stones (quivered)
Jewellery
 n - an amulet of rage (around neck)
   (You found it on level 1 of the Dungeon)
Scrolls
 d - a scroll of remove curse {unknown}
 h - 2 scrolls of noise {unknown}
 i - a scroll of enchant armour {unknown}
 k - 2 scrolls of amnesia
 o - 2 scrolls of teleportation {unknown}
Books
 a - a book of Necromancy

   Spells                             Type                      Level
   a - Pain                           Necromancy                   1
   b - Animate Skeleton               Necromancy                   1
   c - Vampiric Draining              Necromancy                   3
   d - Regeneration                   Charms/Necromancy            3
   e - Animate Dead                   Necromancy                   4
   f - Control Undead                 Necromancy                   4
Comestibles
 b - a bread ration
 g - a chunk of flesh
 m - a royal jelly
 q - a meat ration


   Skills:
 - Level 1.7 Dodging
 - Level 1.7 Stealth
 + Level 3.0 Spellcasting
 * Level 5.3 Necromancy


You had one spell level left.
You knew the following spells:

 Your Spells              Type           Power        Failure   Level  Hunger
a - Pain                  Necr           ###.         1%          1    None
n - Animate Skeleton      Necr           N/A          1%          1    None
r - Regeneration          Chrm/Necr      ##........   17%         3    ###....
v - Vampiric Draining     Necr           ###.......   6%          3    ###....


Dungeon Overview and Level Annotations

Branches:
Dungeon (4/15)
 Temple: D:4-7

Altars:

Annotations:
D:3 Ijyb


Innate Abilities, Weirdness & Mutations

((Your plain brown scales are hard. (AC +5)))
You cannot fit into any form of body armour.
((You are cold-blooded and may be slowed by cold attacks.))
((Your large and strong wings let you fly indefinitely.))
Your magical capacity is low. (-10% MP)
You are somewhat resistant to further mutation.


Message History

Found a scroll labeled WIREUV VAPEALEE.
o - 2 scrolls labeled WIREUV VAPEALEE (gained 1)
There is a stone staircase leading down here.
You climb downwards.
There is a stone staircase leading up here.
A frilled lizard comes into view.
You see here a leopard gecko skeleton.
A rat comes into view.
The frilled lizard hisses angrily.
A bat comes into view.
There is a stone staircase leading down here.
Casting: Regeneration
Confirm with . or Enter, or press ? or * to list all spells.
Aiming: Pain
Press: ? - help, Shift-Dir - straight line, f - frilled lizard
Aim: a frilled lizard (chance to defeat MR: 90%)
The frilled lizard writhes in agony!
You kill the frilled lizard!
Casting: Pain
Confirm with . or Enter, or press ? or * to list all spells.
Aiming: Pain
Press: ? - help, Shift-Dir - straight line, f - bat
Aim: a bat (chance to defeat MR: 90%)
The bat barely resists.
The bat barely misses you.
Casting: Pain
Confirm with . or Enter, or press ? or * to list all spells.
Aiming: Pain
Press: ? - help, Shift-Dir - straight line, f/p - bat
Aim: a bat (chance to defeat MR: 90%)
The bat writhes in agony!
You kill the bat!
Casting: Pain
Confirm with . or Enter, or press ? or * to list all spells.
You can't see any susceptible monsters within range! (Use Z to cast anyway.)
Found a ring mail.
Casting: Pain
Confirm with . or Enter, or press ? or * to list all spells.
Aiming: Pain
Press: ? - help, Shift-Dir - straight line, f - rat
Aim: a rat (resting, chance to defeat MR: 90%)
The rat writhes in agony!
You kill the rat!
There is a stone staircase leading down here.
You climb downwards. 2 orcs and an orc wizard come into view.
Found a potion of lignification.
Found a stone staircase leading up.
There is a stone staircase leading up here.
An orc wizard comes into view. It is wielding a dagger.
The orc wizard shouts!
The orc shouts! x2
The orc hits you from afar with a trident.
The orc wizard casts a spell at you. The magic dart hits you!
There is a stone staircase leading up, spattered with blood here.
The orc wizard casts a spell.
The orc wizard seems to speed up.
You climb upwards.
Ijyb shouts!
There is a stone staircase leading down here.
You turn into a tree.
Your roots penetrate the ground.
Ijyb zaps a wand.
Helpless, you fail to dodge the bolt of acid.
The acid corrodes you!
You are splashed with acid!
The acid burns!
* * * LOW HITPOINT WARNING * * *
It is a wand of acid (?/15).
The orc wizard points at you and mumbles some strange words.
The puff of flame hits you!
Wield which item (- for none, * to show all)? (? for menu, Esc to quit)
You are now empty-handed.
The orc wizard hits you but does no damage.
Okay, then.
You aren't carrying any potions.
Unknown command.
Casting: Pain
Confirm with . or Enter, or press ? or * to list all spells.
Aiming: Vampiric Draining
Press: ? - help, Shift-Dir - straight line, f - Ijyb
Aim: Ijyb, wielding a dagger of electrocution, wearing a ring mail and carrying a wand of acid (?/15) {zapped: 1} Ijyb is heavily wounded.
You feel life coursing into your body. Ijyb hits you but does no damage.
You are electrocuted!
* * * LOW HITPOINT WARNING * * *
The orc wizard hits you with a dagger.
* * * LOW HITPOINT WARNING * * *
Press: ? - help, v - describe, . - travel
Here: Ijyb, wielding a dagger of electrocution, wearing a ring mail and carrying a wand of acid (?/15) {zapped: 1} (heavily wounded)
The floor.
Casting: Vampiric Draining
Confirm with . or Enter, or press ? or * to list all spells.
Aiming: Pain
Press: ? - help, Shift-Dir - straight line, f/p - Ijyb
Aim: Ijyb, wielding a dagger of electrocution, wearing a ring mail and carrying a wand of acid (?/15) {zapped: 1} (heavily wounded, chance to defeat MR: 85%) Ijyb writhes in agony!
The orc wizard barely misses you. Ijyb hits you but does no damage.
The orc wizard hits you but does no damage.
Really attack barehanded?
You barely miss Ijyb.
Ijyb is severely wounded.
Ijyb zaps a wand.
The bolt of acid hits you!
* * * LOW HITPOINT WARNING * * *
The acid corrodes you!
You are splashed with acid!
The acid burns!
You die...

..#..######
#.........#
#........#
#........#
#........#
#........#
#.....g..#
#.....♣..#
#....o...#
##########


You could see Ijyb and an orc wizard.

Vanquished Creatures
  5 adders (D:2)
  4 leopard geckos
  An orc (D:2)
  5 goblins
  3 hobgoblins
  6 jackals (D:1)
  6 kobolds
  5 bats
  3 frilled lizards
  5 rats
43 creatures vanquished.

Vanquished Creatures (collateral kills)
  An adder (D:2)
  A hobgoblin (D:2)
2 creatures vanquished.

Grand Total: 45 creatures vanquished

Notes
Turn   | Place    | Note
-------+----------+-------------------------------------------
     0 | D:1      | tidbits the Draconian Necromancer began the quest for the Orb.
     0 | D:1      | Reached XP level 1. HP: 14/14 MP: 3/3
   181 | D:1      | Reached XP level 2. HP: 17/20 MP: 3/5
   510 | D:1      | Reached XP level 3. HP: 16/26 MP: 1/7
   662 | D:2      | Learned a level 1 spell: Animate Skeleton
   668 | D:2      | Learned a level 3 spell: Vampiric Draining
   753 | D:2      | Reached skill level 3 in Spellcasting
   766 | D:2      | Learned a level 3 spell: Regeneration
   780 | D:2      | Gained mutation: Your magical capacity is low. (-10% MP) [potion of mutation]
   780 | D:2      | Gained mutation: Your large and strong wings let you fly indefinitely. [potion of mutation]
   780 | D:2      | Gained mutation: You are somewhat resistant to further mutation. [potion of mutation]
   859 | D:2      | Reached skill level 5 in Necromancy
   859 | D:2      | Reached XP level 4. HP: 33/33 MP: 1/7
  1146 | D:3      | Noticed Ijyb
  1151 | D:3      | HP: 3/49 [Ijyb/wand of acid (?/15) (14)]
  1151 | D:3      | Splashed by Ijyb's acid

Vault maps used:
D:1:      tarquinn_simple_flora_water_e
D:3:      first_bread, uniq_ijyb
D:4:      gammafunk_temple_overflow_elements, uniq_blork_the_orc, uniq_menkaure

Skill      XL: |  1  2  3 |
---------------+----------+-----
Spellcasting   | 3 |  3.0
Necromancy     | 5 |  5.3
Dodging        | |  1.7
Stealth        | |  1.7

Action                   |  1- 3 |  4- 6 || total
-------------------------+-------+-------++-------
Melee: Unarmed           |     7 |     4 ||    11
       Dagger            |     7 |     6 ||    13
       Club              |     2 |       ||     2
       Tailslap          |     1 |       ||     1
Throw: Stone             |     1 |       ||     1
 Cast: Pain              |    60 |    13 ||    73
       Animate Skeleton  |     1 |     2 ||     3
       Vampiric Draining |     1 |     1 ||     2
       Regeneration      |       |     1 ||     1
  Use: Scroll            |     3 |       ||     3
       Potion            |     2 |     1 ||     3
  Eat: Chunk             |     2 |     1 ||     3
Armor: Skin              |    22 |     8 ||    30
Dodge: Dodged            |    29 |     7 ||    36

Table legend:
 A = Spawn XP
 B = Non-spawn XP
 C = Spawn XP percentage of total XP
 D = Spawn monster count
 E = Non-spawn monster count
 F = Spawn count percentage of total count
 G = Total turns spent on level
                    A         B        C        D         E        F      G
               +---------+---------+-------+---------+---------+-------+---------
         Total |       0 |     145 |   0.0 |       0 |      45 |   0.0 |  1151
               +---------+---------+-------+---------+---------+-------+---------
           D:1 |       0 |      42 |   0.0 |       0 |      23 |   0.0 |   575
           D:2 |       0 |      95 |   0.0 |       0 |      17 |   0.0 |   519
           D:3 |       0 |       8 |   0.0 |       0 |       5 |   0.0 |    53
               +---------+---------+-------+---------+---------+-------+---------

Table legend:
 A = Turns spent in this place as a percentage of turns spent in the entire game.
 B = Non-inter-level travel turns spent in this place as a percentage of non-inter-level travel turns spent in the entire game.
 C = Inter-level travel turns spent in this place as a percentage of turns spent in this place.
 D = Turns resting spent in this place as a percentage of non-inter-level travel turns spent in this place.
 E = Turns spent auto-exploring this place as a percentage of non-inter-level travel turns spent in this place.
 F = Non-inter-level travel turns spent in this place divided by the number of levels of this place that you've seen.
                   A       B       C       D       E      F
               +-------+-------+-------+-------+-------+----------------------
         Total | 100.0 | 100.0 |   1.7 |   0.0 |   0.0 | 282.8
       Dungeon | 100.0 | 100.0 |   1.7 |   0.0 |   0.0 | 282.8
               +-------+-------+-------+-------+-------+----------------------

Table legend:
 A = Kills in this place as a percentage of kills in entire the game.
 B = Kills by you in this place as a percentage of kills by you in the entire game.
 C = Kills by friends in this place as a percentage of kills by friends in the entire game.
 D = Other kills in this place as a percentage of other kills in the entire game.
 E = Experience gained in this place as a percentage of experience gained in the entire game.
 F = Experience gained in this place divided by the number of levels of this place that you have seen.
                   A       B       C       D       E      F
               +-------+-------+-------+-------+-------+----------------------
         Total | 100.0 | 100.0 | 100.0 |   N/A | 100.0 |  36.2
       Dungeon | 100.0 | 100.0 | 100.0 |   N/A | 100.0 |  36.2
               +-------+-------+-------+-------+-------+----------------------

Vault maps used:
D:1:      tarquinn_simple_flora_water_e
D:3:      first_bread, uniq_ijyb
D:4:      gammafunk_temple_overflow_elements, uniq_blork_the_orc, uniq_menkaure
